Map: Blueshift LE

Players

Lambo - Winner!

  • Race: Zerg Zerg
  • League: Grandmaster
  • Spawn Location: 7:00

Clem

  • Race: Terran Terran
  • League: Grandmaster
  • Spawn Location: 1:00

VOD

Have the link to the VOD?

Description

Time

  • Played on: Dec. 15, 2018, 12:48 p.m.
  • Length: 10:25
Show
View Real Time Build Order
Export as new Build Order

Lambo Zerg - Winner!

Build Orders: Hatch First 

Get SALT Encoding   

  12  0:00  Drone  
  13  0:12  Overlord  
  13  0:17  Drone  
  14  0:30  Drone x2  
  16  0:47  Hatchery  
  16  0:50  Drone  
  16  0:54  Drone  
  17  0:57  Drone  
  18  1:07  Extractor  
  17  1:12  Spawning Pool  
  17  1:14  Drone  
  17  1:18  Drone  
  18  1:28  Drone  
  19  1:39  Drone  
  20  1:50  Overlord  
  20  1:59  Queen x2  
  20  2:00  Zergling x4  
  26  2:11  Metabolic Boost  
  26  2:12  Drone x2  
  28  2:21  Drone x2  
  30  2:36  Hatchery  
  29  2:39  Drone  
  30  2:45  Drone  
  30  2:46  Pneumatized Carapace  
  30  2:49  Drone  
  32  2:53  Drone  
  32  2:54  Drone  
  34  3:01  Drone  
  35  3:10  Drone  
  35  3:12  Overlord  
  36  3:16  Overlord  
  36  3:19  Extractor  
  35  3:20  Queen  
  35  3:21  Extractor  
  38  3:30  Queen  
  38  3:31  Drone x3  
  38  3:33  Drone  
  44  3:41  Roach Warren  
  44  3:42  Drone x2  
  44  3:47  Drone x2  
  47  3:49  Drone x2  
  47  3:51  Drone x2  
  47  3:53  Extractor  
  47  3:54  Extractor  
  49  3:59  Zergling x4  
  51  4:05  Queen, Drone  
  51  4:09  Overlord  
  54  4:11  Zergling x2  
  54  4:13  Drone  
  54  4:15  Overlord x2  
  56  4:22  Overlord  
  56  4:24  Overlord  
  56  4:31  Overlord  
  56  4:33  Overlord  
  56  4:34  Roach  
  56  4:37  Roach x2  
  62  4:41  Roach  
  62  4:44  Roach x2  
  68  4:48  Roach  
  68  4:51  Roach  
  68  4:52  Roach  
  74  4:55  Roach  
  74  4:57  Roach  
  80  5:00  Roach  
  80  5:04  Roach x2  
  84  5:07  Overlord  
  84  5:13  Roach  
  86  5:16  Ravager x2  
  86  5:17  Ravager  
  89  5:22  Zergling x12  
  89  5:27  Zergling x6  
  97  5:29  Ravager  
  97  5:32  Zergling x6  
  101  5:37  Zergling x6  
  101  5:38  Ravager  
  105  5:43  Overlord  
  105  5:45  Ravager  
  105  5:46  Drone  
  105  5:47  Drone  
  105  5:53  Zergling x2  
  105  5:54  Drone x4  
  105  5:55  Drone  
  94  5:59  Drone x2  
  94  6:01  Drone  
  96  6:06  Evolution Chamber, Drone x2  
  96  6:09  Drone x2  
  98  6:16  Drone x2  
  84  6:27  Drone x3  
  84  6:29  Roach  
  79  6:33  Roach, Extractor  
  79  6:34  Roach x5  
  79  6:38  Roach  
  90  6:40  Roach  
  90  6:44  Lair  
  90  6:45  Roach x2  
  93  6:50  Zerg Ground Armor Level 1  
  93  6:53  Overlord  
  93  6:54  Overlord  
  93  6:55  Roach  
  93  7:01  Overlord  
  95  7:02  Ravager  
  95  7:03  Overlord  
  95  7:06  Extractor  
  95  7:07  Overlord  
  95  7:09  Overlord  
  95  7:10  Ravager, Zergling x6  
  95  7:12  Zergling x4  
  101  7:16  Ravager, Zergling x4  
  101  7:17  Zergling x4  
  101  7:19  Roach  
  107  7:26  Roach  
  107  7:29  Roach  
  103  7:32  Roach x2, Zergling x8  
  106  7:40  Ravager  
  106  7:41  Roach x3, Zergling x2  
  114  7:44  Roach  
  114  7:45  Roach  
  118  7:52  Roach  
  118  7:54  Roach x2  
  124  8:01  Roach x2  
  124  8:02  Roach  
  115  8:07  Roach x2, Zergling x2  
  115  8:09  Roach, Zergling x4  
  115  8:10  Ravager  
  115  8:12  Zergling x6  
  124  8:18  Roach x2  
  124  8:19  Ravager  
  129  8:20  Zergling x2  
  126  8:28  Roach, Zergling x4  
  126  8:33  Roach  
  126  8:34  Roach x2  
  118  8:37  Roach x2, Zergling x2  
  118  8:41  Roach x3  
  114  8:50  Roach x3  
  114  8:51  Ravager  
  114  8:52  Ravager  
  114  8:55  Roach x2, Zergling x2  
  127  8:58  Hatchery  
  127  8:59  Extractor  
  127  9:02  Zergling x2  
  126  9:05  Zergling x2  
  128  9:10  Zergling x8  
  128  9:13  Zergling x2  
  128  9:14  Ravager x2  
  133  9:17  Zergling x8  
  133  9:22  Zergling x2  
  137  9:27  Ravager  
  137  9:30  Roach, Zergling x4  
  137  9:31  Zergling x2  
  143  9:34  Roach  
  142  9:42  Roach x5, Zergling x2  
  142  9:45  Roach, Zergling x2  
  153  9:51  Overlord  
  153  9:52  Overlord  
  153  9:57  Overlord  
  153  9:59  Overlord  
  153  10:02  Overlord  
  153  10:05  Overlord  
Show
View Real Time Build Order
Export as new Build Order

Clem Terran 

Build Orders: Gas First Reaper Expand 

Get SALT Encoding   

  12  0:01  SCV  
  13  0:13  SCV  
  14  0:18  Supply Depot  
  14  0:26  SCV  
  15  0:32  Refinery  
  15  0:39  SCV  
  16  0:44  Barracks  
  16  0:51  SCV  
  17  1:03  SCV  
  18  1:17  SCV  
  19  1:31  Reaper, Orbital Command  
  20  1:41  Command Center  
  20  1:52  Factory  
  20  1:57  SCV  
  21  2:07  Supply Depot  
  21  2:09  SCV  
  21  2:10  Barracks Reactor  
  21  2:14  Refinery  
  22  2:21  SCV  
  23  2:33  SCV  
  24  2:45  SCV, Starport  
  24  2:49  Hellion x2  
  29  2:54  Orbital Command  
  29  2:55  Barracks Tech Lab  
  29  2:57  SCV  
  30  3:13  Hellion x2  
  30  3:14  SCV  
  30  3:17  Stimpack  
  35  3:21  SCV  
  35  3:25  Supply Depot  
  36  3:29  Viking  
  36  3:31  Marine  
  39  3:35  SCV x2  
  41  3:48  SCV  
  42  3:49  SCV  
  42  3:50  Supply Depot  
  42  3:54  Factory Reactor  
  42  3:55  Marine  
  44  4:00  Starport Reactor  
  44  4:07  Barracks  
  44  4:09  Barracks  
  44  4:12  Barracks  
  44  4:13  Marine, Barracks  
  45  4:20  SCV x2  
  47  4:31  Marine, Supply Depot  
  48  4:41  SCV x2  
  50  4:46  Supply Depot  
  50  4:49  Marine  
  50  4:50  Hellion  
  53  4:54  Armory  
  53  4:55  Supply Depot  
  53  4:56  Marine x2  
  57  5:01  Marine x2  
  57  5:03  Marine x2, Medivac  
  57  5:05  Medivac  
  63  5:11  Marine, Supply Depot  
  63  5:14  Marine  
  67  5:23  Marine  
  67  5:24  Supply Depot  
  68  5:30  Marine  
  68  5:31  Combat Shield  
  68  5:32  Factory Tech Lab  
  68  5:34  SCV  
  68  5:35  Marine x3, SCV  
  72  5:37  Marine x2  
  72  5:41  Marine  
  74  5:47  Marine  
  74  5:48  Medivac x2  
  79  5:52  Marine  
  79  5:53  SCV  
  68  5:58  Marine x2  
  68  5:59  SCV  
  68  6:00  Marine x3  
  68  6:02  Siege Tank  
  72  6:05  Marine  
  72  6:08  Supply Depot  
  72  6:09  SCV  
  74  6:11  SCV  
  74  6:14  Marine  
  74  6:18  Marine  
  69  6:21  Medivac  
  69  6:25  Marine  
  61  6:26  SCV  
  61  6:28  Marine x2  
  61  6:32  SCV  
  58  6:34  Marine x2  
  58  6:35  Medivac  
  58  6:36  Marine  
  58  6:39  SCV  
  62  6:41  Marine  
  62  6:45  Marine  
  62  6:46  Marine x2  
  66  6:52  SCV  
  67  6:56  Marine x3  
  67  6:59  Marine  
  74  7:01  Siege Tank  
  74  7:03  Marine  
  74  7:04  SCV x2  
  74  7:06  Marine x2  
  79  7:14  Marine, Medivac  
  82  7:17  Marine x2  
  82  7:18  Marine  
  82  7:21  Marine  
  86  7:29  Marine  
  82  7:31  Marine  
  82  7:33  Marine, Medivac  
  82  7:35  Marine x2, SCV  
  88  7:39  Supply Depot  
  88  7:40  SCV  
  88  7:41  Supply Depot  
  88  7:42  Marine  
  90  7:47  SCV  
  90  7:51  Marine, Supply Depot, Medivac  
  94  7:59  Marine  
  94  8:00  Marine  
  94  8:02  Marine x2  
  93  8:08  Marine x2  
  93  8:09  Marine  
  91  8:14  Supply Depot  
  91  8:19  Marine  
  91  8:20  Marine x2  
  91  8:21  Marine  
  91  8:26  Marine x2  
  90  8:28  Marine  
  80  8:37  Marine x2, Siege Tank  
  80  8:40  Marine  
  79  8:41  Marine  
  79  8:46  Marine  
  79  8:47  Marine  
  80  8:48  Marine  
  80  8:55  Marine x2  
  81  8:57  Marine  
  81  9:00  Refinery, Supply Depot, Engineering Bay  
  84  9:05  Marine x2  
  84  9:07  Marine x2  
  88  9:13  Marine x2  
  88  9:15  Marine  
  88  9:16  Liberator  
  88  9:23  Marine x2  
  93  9:24  Siege Tank  
  93  9:25  Marine x2  
  93  9:31  Marine x2  
  95  9:36  Marine  
  101  9:40  Marine  
  101  9:41  Marine  
  101  9:43  Marine x2  
  103  9:49  Marine x2  
  103  9:50  Refinery  
  103  9:52  Supply Depot  
  105  9:54  Marine  
  105  9:58  Marine  
  110  10:03  Marine  
  110  10:04  Marine  
Tags
 
Add a new tag
Caveats
  • Supply blocks, unpowered buildings, or Contaminate may cause inaccurate times.
  • Supply counts are checked every 10 seconds.